cohdb
Replays
Latest Replays
All Replays
Popular Replays
Top Player Replays
Match Explorer
How It Works
Community
CoH3 Stats
Reddit
Sign in to upload your games and track your stats! →
Sign in with Steam
Match 43475299
Unlisted
Match 43475299
Overview
Messages
Build Orders
End
Construct Weapon Support Center
Selects Armored Battlegroup
Selects Assault Engineers
Assault Engineer Squad
M1919 Machine Gun Team
M1919 Machine Gun Team
Assault Engineer Squad
Air Support Center
Construct Medical Station
M3 Armored Personnel Carrier
M3 Armored Personnel Carrier
Assault Engineer Squad
Bazooka Squad
Grasshopper Recon Run
Construct Tank Depot
Selects Strength in Steel
P-47 Strafing Run
Selects Seek and Destroy
P-47 Strafing Run
Selects UNKNOWN (2160077)
M4A3E8 Sherman Easy Eight
Grasshopper Recon Run
P-47 Strafing Run
M4A3E8 Sherman Easy Eight
Selects Field Repairs
Grasshopper Recon Run
M3 Armored Personnel Carrier
MillenniumKnight
DireRadiant
Buszy
FrankenHel
0
0
Comments
sign in to comment!
No comments posted yet!